 Dungeon Crawl Stone Soup version 0.21-a0-41-g5e91fef (webtiles) character file.

14 blackwizard the Caller (level 2, -2/24 HPs)
             Began as a Troll Summoner on June 4, 2017.
             Killed by nerve-wracking pain
             ... invoked by Jessica
              (13 damage)
             ... on level 2 of the Dungeon.
             The game lasted 00:05:48 (736 turns).

blackwizard the Caller (Troll Summoner)              Turns: 736, Time: 00:05:48

Health: -2/24      AC:  5    Str: 15    XL:     2   Next: 27%
Magic:  0/3        EV: 10    Int: 15    God:
Gold:   22         SH:  0    Dex: 10    Spells: 2/3 levels left

rFire    x . .     SeeInvis .   e - +0 short sword
rCold    + . .     Gourm    +   (no shield)
rNeg     . . .     Faith    .   a - +0 robe
rPois    .         Spirit   +   (helmet restricted)
rElec    .         Reflect  .   (no cloak)
rCorr    .         Harm     .   (gloves unavailable)
MR       .....                  (boots unavailable)
Stlth    +.........             h - amulet of guardian spirit
Regen    0.5/turn               k - ring of ice
MPRegen  0.1/turn               j - +4 ring of intelligence (curse)

@: very slightly contaminated, slowed, very slow
A: unfitting armour, claws 3, fast metabolism 3, gourmand, regeneration 1,
shaggy fur 1, tough skin 2
a: no special abilities


You were on level 2 of the Dungeon.
You were not hungry.

You visited 1 branch of the dungeon, and saw 2 of its levels.

You collected 22 gold pieces.

Inventory:

Hand Weapons
 e - a +0 short sword (weapon)
Missiles
 l - 2 stones (quivered)
Armour
 a - a +0 robe (worn)
Jewellery
 h - an amulet of guardian spirit (around neck)
 j - a cursed +4 ring of intelligence (right claw)
 k - a ring of ice (left claw)
 m - an uncursed amulet of rage {unknown}
 n - a +2 ring of dexterity {unknown}
Scrolls
 d - a scroll of remove curse {unknown}
 g - a scroll of teleportation {unknown}
 i - 2 scrolls of identify {unknown}
Books
 b - a book of Callings

   Spells                             Type                      Level
   a - Summon Small Mammal            Summoning                    1
   b - Call Imp                       Summoning                    2
   c - Call Canine Familiar           Summoning                    3
   d - Summon Guardian Golem          Hexes/Summoning              3
   e - Summon Lightning Spire         Summoning/Air                4
   f - Summon Ice Beast               Ice/Summoning                4
Comestibles
 c - a bread ration
 f - a chunk of flesh
 o - a royal jelly


   Skills:
 + Level 0.1 Short Blades
 + Level 1.7 Dodging
 + Level 1.0 Stealth
 + Level 1.3 Spellcasting
 + Level 3.2 Summonings


You had 2 spell levels left.
You knew the following spells:

 Your Spells              Type           Power        Failure   Level  Hunger
a - Summon Small Mammal   Summ           ##..         6%          1    ##.....


Dungeon Overview and Level Annotations

Branches:
Dungeon (2/15)

Altars:
Lugonu

Portals:
Abyss: D:1

Annotations:
D:2 Jessica


Innate Abilities, Weirdness & Mutations

You are too large for most types of armour.
You have claws for hands.
Your metabolism is lightning-fast.
You like to eat raw meat.
Your natural rate of healing is unusually fast.
You are covered in fur. (AC +1)
You have very tough skin. (AC +2)


Message History

Pain shoots through your body!
Casting: Summon Small Mammal
Confirm with . or Enter, or press ? or * to list all spells.
You miscast Summon Small Mammal.
You are very lightly contaminated with residual magic.
Nothing appears to happen.
Jessica barely misses you.
Jessica grins evilly.
Jessica hits you. x2
You swap places.
Your bat hits Jessica but does no damage. x2
Your bat hits Jessica.
Jessica gestures wildly.
Jessica misses your bat.
Your bat barely misses Jessica.
Jessica completely misses your bat.
Your bat hits Jessica.
You see here a scroll labeled PERUAST BOAMON.
Your bat closely misses Jessica.
Jessica hits you but does no damage.
Jessica points at you and mumbles some strange words.
Pain shoots through your body!
Ouch! That really hurt!
You die...

#..# #.<# #..# #..# #..#
# #..#######
.##........#########
....)##.........@.?#
....<.#.#..#######@#
......#.#..# #.....#
....รท......# #.....#
......#.##.######...b.[.
......................###
..#.###.##...###......#
.##.............#..(### .
#####.####.###.#..#


You could see Jessica.

Vanquished Creatures
  A bat (D:1)
  A giant cockroach (D:1)
  A goblin (D:1)
  3 hobgoblins (D:1)
  6 rats
12 creatures vanquished.

Vanquished Creatures (collateral kills)
  2 kobolds
  A frilled lizard (D:1)
3 creatures vanquished.

Grand Total: 15 creatures vanquished

Notes
Turn   | Place    | Note
-------+----------+-------------------------------------------
     0 | D:1      | blackwizard the Troll Summoner began the quest for the Orb.
     0 | D:1      | Reached XP level 1. HP: 16/16 MP: 1/1
   112 | D:1      | Reached skill level 3 in Summonings
   129 | D:1      | Found a corrupted altar of Lugonu.
   129 | D:1      | Found a one-way gate to the infinite horrors of the Abyss.
   129 | D:1      | Noticed a quasit
   129 | D:1      | Noticed an iron imp
   129 | D:1      | Noticed a demonic crawler
   129 | D:1      | Noticed a demonic crawler
   131 | D:1      | Noticed a quasit
   205 | D:1      | Noticed an iron imp
   430 | D:1      | Reached XP level 2. HP: 16/24 MP: 0/3
   705 | D:2      | Noticed Jessica
   736 | D:2      | Killed from afar by Jessica

Vault maps used:
D:1:      erik_arrival_cave_to_civilisation, minmay_misc_feat_hallway
D:2:      lemuel_doored_altar, uniq_jessica

Skill      XL: |  1 |
---------------+----+-----
Summonings     | 3 |  3.2
Short Blades   | |  0.1
Dodging        | |  1.7
Stealth        | |  1.0
Spellcasting   | |  1.3

Action                   || total
-------------------------++-------
Melee: Short sword       ||    66
 Cast: Summon Small Mamm ||    12
  Eat: Chunk             ||     3
       Bread ration      ||     1
Armor: Robe              ||    28
Dodge: Dodged            ||    53
